 Dungeon Crawl Stone Soup version 0.27.1 (webtiles) character file.

Game seed: 3798700599116563862

3581 comborobin the Grappler (level 9, -1/65 HPs)
             Began as a Palentonga Warper on Aug 24, 2021.
             Was a Priest of Cheibriados.
             Succumbed to a hornet's poison
             ... on level 8 of the Dungeon on Aug 25, 2021.
             The game lasted 00:18:22 (12276 turns).

comborobin the Grappler (Palentonga Warper)        Turns: 12276, Time: 00:18:22

Health: -1/65      AC:  7    Str: 22    XL:     9   Next: 84%
Magic:  12/19      EV: 10    Int: 33    God:    Cheibriados [***...]
Gold:   429        SH:  0    Dex: 19    Spells: 10/21 levels left

rFire    . . .     SeeInvis +     - Unarmed
rCold    + . .     Faith    .   (no shield)
rNeg     . . .     Spirit   .   B - +2 robe {rC+}
rPois    +         Reflect  .   l - +0 helmet
rElec    .         Harm     .   (no cloak)
rCorr    .         Rampage  .   (no gloves)
Will     .....                  (no barding)
Stlth    ++........             E - amulet of regeneration
HPRegen  1.20/turn              o - +6 ring of intelligence
MPRegen  0.16/turn              x - +6 ring of intelligence

@: lethally poisoned (-1 -> -7), slowed, very slow
A: large, rugged brown scales 3, see invisible, deformed body, roll 1, armoured
tail, reflexive curl, poison resistance, MP-powered wands
a: Rolling Charge, Renounce Religion, Bend Time, Temporal Distortion


You were on level 8 of the Dungeon.
You worshipped Cheibriados.
Cheibriados was most pleased with you.
You visited 2 branches of the dungeon, and saw 9 of its levels.

You collected 514 gold pieces.
You spent 85 gold pieces at shops.

Inventory:

Hand Weapons
 g - a +0 whip of draining
Missiles
 c - 3 boomerangs of dispersal (quivered)
 r - 2 boomerangs
Armour
 a - a +0 leather armour
 f - a +0 tower shield
 l - a +0 helmet (worn)
 u - a +0 leather armour of poison resistance
 A - a +0 leather armour of fire resistance
 B - a +2 robe of cold resistance (worn)
Jewellery
 d - an amulet of guardian spirit
 m - a ring of ice
 o - a +6 ring of intelligence (left hand)
 x - a +6 ring of intelligence (right hand)
 E - an amulet of regeneration (around neck)
 H - an amulet of reflection
Wands
 n - a wand of polymorph (3)
 D - a wand of flame (14)
Scrolls
 b - a scroll of enchant armour {unknown}
 e - 3 scrolls of immolation
 h - 6 scrolls of teleportation
 i - a scroll of vulnerability {unknown}
 j - 11 scrolls of identify {unknown}
 p - a scroll of summoning {unknown}
 q - a scroll of fear
 s - a scroll of holy word {unknown}
 t - a scroll of brand weapon {unknown}
 v - a scroll of enchant weapon {unknown}
 y - a scroll of torment {unknown}
 z - a scroll of amnesia {unknown}
 F - a scroll of magic mapping
Potions
 k - 3 potions of brilliance
 G - a potion of berserk rage {unknown}


   Skills:
 - Level 2.0 Fighting
 - Level 0.6 Throwing
 - Level 0.9 Armour
 - Level 1.9 Dodging
 + Level 10.1 Unarmed Combat
 - Level 6.7 Spellcasting
 - Level 5.3 Conjurations
 - Level 3.6 Translocations
 - Level 2.0 Fire Magic


You had 10 spell levels left.
You knew the following spells:

 Your Spells              Type           Power      Damage    Failure   Level
a - Manifold Assault      Tloc           35%        N/A       24%         5
b - Blink                 Tloc           N/A        N/A       1%          2
c - Sticky Flame          Conj/Fire      35%        2d5       9%          4

Your spell library contained the following spells:

 Spells                   Type           Power      Damage    Failure   Level
 Magic Dart               Conj           100%       1d8       1%          1
 Searing Ray              Conj           92%        3d6       1%          2
 Conjure Flame            Conj/Fire      35%        6-21      2%          3
 Gell's Gravitas          Tloc           17%        N/A       2%          3
 Lesser Beckoning         Tloc           17%        N/A       2%          3
 Teleport Other           Tloc           35%        N/A       2%          3
 Freeze                   Ice            44%        1d6       4%          1
 Ignite Poison            Fire/Tmut/Pois 15%        N/A       9%          3
 Frozen Ramparts          Ice            22%        1d4       12%         3
 Fulminant Prism          Conj/Hex       14%        3d9       13%         4
 Hailstorm                Conj/Ice       28%        3d8       13%         4


Dungeon Overview and Level Annotations

Branches:
Dungeon (8/15)             Temple (1/1) D:4            Lair (0/6) D:8

Altars:
Ashenzari
Cheibriados
Dithmenos
Elyvilon
Fedhas
Gozag
Hepliaklqana
Kikubaaqudgha
Makhleb
Nemelex Xobeh
Okawaru
Qazlal
Ru
Sif Muna
Trog
Uskayaw
Vehumet
Wu Jian
Xom
Yredelemnul
Zin
The Shining One

Shops:
D:7 =?[((   D:8 =


Innate Abilities, Weirdness & Mutations

You are completely covered in rugged brown scales. (AC +3, +7% HP)
You have supernaturally acute eyesight. (SInv)
Armour fits poorly on your strangely shaped body.
You can roll at nearby foes to attack.
You have a long armoured tail.
You curl defensively after being hit.
Your system is resistant to poisons. (rPois)
You expend magic power (3 MP) to strengthen your wands.


Message History

Aim: a hornet (lightly wounded, 100% to hit)
The sticky flame hits the hornet.
The hornet is moderately wounded.
The hornet is covered in liquid flames!
You feel sick.
The hornet burns!
The hornet stings you!
You are more poisoned.
You feel as though you will be slow longer.
The hornet barely misses you. x2
Unknown command.
You closely miss the hornet.
Your tail-slap misses the hornet.
The hornet is moderately wounded.
You feel very sick.
The hornet burns! x2; The hornet stops burning.
The hornet stings you!
* * * LOW HITPOINT WARNING * * *
You are lethally poisoned!
You feel as though you will be slow longer.
Casting: Sticky Flame (dangerous; 9% risk of failure)
Confirm with . or Enter, or press ? or * to list all spells.
Aiming: Sticky Flame (dangerous; 9% risk of failure)
Press: ? - help, Shift-Dir - straight line, f/p - hornet
Aim: a hornet (heavily wounded, 100% to hit)
The sticky flame hits the hornet.
The hornet is severely wounded.
The hornet is covered in liquid flames!
* * * LOW HITPOINT WARNING * * *
You feel extremely sick.
The hornet burns!
The hornet stings you but does no damage.
The hornet closely misses you. x2
It was a potion of mutation.
You feel extremely strange.
You feel resistant to poisons.
You feel your magical essence link to the dungeon's wands.
* * * LOW HITPOINT WARNING * * *
You feel very sick.
The hornet burns! x2; The hornet stops burning.
The hornet barely misses you. The hornet stings you.
* * * LOW HITPOINT WARNING * * *
Unknown command.
Unknown command.
You die...

.........P....P..P............#..
.P...PP....P..P...............#..
..PP...P.......P..P...)......#..
P.P....PP.P..P..............#..
......>....P...............#..
P.P.PP......P...........+..
.P...PPPPP.....####....#..
..PPP.PP.....# #....#..
..P.P.y@.....# #....#..
PP...P.........#..#....#..
...P...........#..#....#..
P.............+..#....#..
#............#..#....#..
#..(.........#..#....#..
#............#..#....#..
#............#..#....#
###.....)......#.>.....###


You could see a hornet.

Vanquished Creatures
  A two-headed ogre (D:8)
  A wyvern (D:7)
  5 water moccasins
  A black bear (D:7)
  A hornet zombie (D:7)
  A necrophage (D:6)
  A centaur (D:8)
  A phantom (D:5)
  A kobold brigand (D:4)
  6 bullfrogs
  2 wyvern zombies
  2 scorpions
  2 wyvern skeletons
  A howler monkey (D:7)
  3 centaur zombies
  2 bullfrog zombies (D:6)
  7 hounds
  A jelly (D:4)
  A gnoll shaman (D:7)
  3 orc priests
  3 iguanas
  A scorpion zombie (D:5)
  Terence (D:2)
  An orc wizard (D:7)
  A hound skeleton (D:5)
  A howler monkey zombie (D:7)
  Robin (D:2)
  6 gnolls
  A howler monkey skeleton (D:7)
  11 adders
  A shadow imp (D:6)
  2 white imps
  2 ufetubi
  A worm (D:3)
  2 dart slugs (D:1)
  16 orcs
  12 endoplasms
  A giant cockroach (D:1)
  13 goblins
  11 hobgoblins
  A jackal (D:2)
  5 kobolds
  2 quokkas
  9 ball pythons
  8 bats
  6 frilled lizards
  4 rats
166 creatures vanquished.

Vanquished Creatures (others)
  33 fungi (D:8)
  27 plants (D:8)
60 creatures vanquished.

Grand Total: 226 creatures vanquished

Notes
Turn   | Place    | Note
-------+----------+-------------------------------------------
     0 | D:1      | comborobin the Palentonga Warper began the quest for the
                  | Orb.
     0 | D:1      | Reached XP level 1. HP: 17/17 MP: 3/3
   216 | D:1      | Reached XP level 2. HP: 9/23 MP: 5/5
   730 | D:1      | Learned a level 2 spell: Blink
  1144 | D:1      | Reached XP level 3. HP: 28/28 MP: 6/6
  1445 | D:1      | Found a faded altar of an unknown god.
  1743 | D:2      | Reached skill level 3 in Unarmed Combat
  1875 | D:2      | Noticed Robin
  1892 | D:2      | Reached XP level 4. HP: 16/35 MP: 7/7
  1894 | D:2      | Killed Robin
  2096 | D:2      | Noticed Terence
  2108 | D:2      | Killed Terence
  2109 | D:2      | Reached skill level 4 in Unarmed Combat
  3068 | D:3      | Reached XP level 5. HP: 15/40 MP: 8/8
  3477 | D:3      | Reached skill level 5 in Unarmed Combat
  3597 | D:3      | Found a shimmering altar of Xom.
  3599 | D:3      | Found a blossoming altar of Fedhas.
  3599 | D:3      | Found a white marble altar of Elyvilon.
  3599 | D:3      | Found a basalt altar of Yredelemnul.
  3601 | D:3      | Found a glowing silver altar of Zin.
  3602 | D:3      | Found a hide-covered altar of Uskayaw.
  3603 | D:3      | Found an ancient bone altar of Kikubaaqudgha.
  3604 | D:3      | Found an iron altar of Okawaru.
  4127 | D:4      | Found a staircase to the Ecumenical Temple.
  4151 | Temple   | Entered the Ecumenical Temple
  4258 | Temple   | Became a worshipper of Cheibriados the Contemplative
  4379 | D:4      | Reached XP level 6. HP: 24/47 MP: 9/9
  4842 | D:4      | Reached skill level 6 in Unarmed Combat
  6084 | D:4      | Reached * piety under Cheibriados
  6085 | D:4      | Reached skill level 7 in Unarmed Combat
  6613 | D:5      | Entered Level 5 of the Dungeon
  6613 | D:5      | Noticed a water moccasin
  6635 | D:4      | Killed a water moccasin
  6636 | D:4      | Gained mutation: You curl defensively after being hit.
                  | [Palentonga growth]
  6636 | D:4      | Reached XP level 7. HP: 13/53 MP: 10/10
  6654 | D:4      | HP: 2/53 [poisoned by a water moccasin]
  7007 | D:5      | Reached skill level 8 in Unarmed Combat
  8409 | D:5      | Reached skill level 9 in Unarmed Combat
  8652 | D:5      | Found an ornate altar of the Wu Jian Council.
  8673 | D:5      | Reached XP level 8. HP: 58/59 MP: 9/11
  9519 | D:6      | Reached ** piety under Cheibriados
  9875 | D:6      | Reached skill level 10 in Unarmed Combat
  9945 | D:6      | Learned a level 5 spell: Manifold Assault
  9950 | D:6      | Learned a level 4 spell: Sticky Flame
 10318 | D:7      | Found Soaggu's Antique Armour Emporium.
 10320 | D:7      | Bought a glowing robe for 85 gold pieces
 10358 | D:7      | Reached skill level 1 in Conjurations
 10358 | D:7      | Reached skill level 1 in Fire Magic
 10854 | D:7      | Found Hepry's Jewellery Shoppe.
 10855 | D:7      | Found Wammaurph's Magic Scroll Boutique.
 10948 | D:7      | Found Mifohuneta's Antique Weapon Shop.
 11002 | D:7      | Found Xaelaaleib's Antique Weapon Shop.
 11200 | D:7      | Reached XP level 9. HP: 64/65 MP: 12/12
 11676 | D:7      | Reached skill level 5 in Conjurations
 11879 | D:8      | Reached *** piety under Cheibriados
 12037 | D:8      | Found a staircase to the Lair.
 12045 | D:8      | Found Tujui's Jewellery Boutique.
 12073 | D:8      | Noticed a two-headed ogre
 12082 | D:8      | Killed a two-headed ogre
 12275 | D:8      | Gained mutation: Your system is resistant to poisons.
                  | (rPois) [potion of mutation]
 12275 | D:8      | Gained mutation: You expend magic power (3 MP) to
                  | strengthen your wands. [potion of mutation]
 12275 | D:8      | HP: 1/65 [hornet (3)]
 12276 | D:8      | Succumbed to a hornet's poison

Illustrated notes

Levels and vault maps discovered:
D:1:      wheals_arrival_shading, layout_basic,
          hellmonk_ecumenical_altar_blasted
D:2:      layout_basic, minmay_tiny_reverse_x, uniq_terence, uniq_robin
D:3:      layout_loops_ring, minitemple
D:4:      cheibrodos_helix_gallery, layout_loops_corners,
          minmay_temple_entry_arrows, grunt_ministairs_9
D:5:      layout_basic, nicolae_overflow_hidden_temple,
          kennysheep_generic_room_13
D:6:      layout_loops_ring
D:7:      minmay_recursive_quarters, layout_loops_cross, serial_shops,
          nicolae_shop_statue_plus, nicolae_stop_n_shop_2,
          nicolae_shop_waterfront, shop, nicolae_shop_waterfront,
          grunt_decor_one_mirror, chequers_serial_rivers_large_a,
          grunt_ministairs_4
D:8:      layout_gridville, due_lair_maze_entry_diamond, serial_shops,
          nicolae_shop_trees, nrook_uturn
Temple:   cyrus_circular_temple

Skill      XL: |  1  2  3  4  5  6  7  8  9 |
---------------+----------------------------+-----
Unarmed Combat | 3 4 5 7 9 10 | 10.1
Conjurations   | 4 5 |  5.3
Fire Magic     | 2 |  2.0
Spellcasting   | 6 |  6.7
Fighting       | |  2.0
Throwing       | |  0.6
Armour         | |  0.9
Dodging        | |  1.9
Translocations | |  3.6

Action                   |  1- 3 |  4- 6 |  7- 9 || total
-------------------------+-------+-------+-------++-------
Melee: Unarmed           |   117 |    89 |   275 ||   481
       Tailslap          |    16 |    26 |    46 ||    88
       Punch             |     1 |     3 |    10 ||    14
       Whip              |       |   147 |       ||   147
Throw: Boomerang         |       |       |     2 ||     2
 Cast: Sticky Flame      |       |       |     9 ||     9
 Abil: Rolling Charge    |     3 |       |    21 ||    24
Evoke: Wand              |       |       |     5 ||     5
  Use: Potion            |     2 |     8 |     5 ||    15
       Scroll            |       |     3 |     2 ||     5
 Stab: Confused          |       |     1 |       ||     1
       Sleeping          |       |     1 |       ||     1
Armor: Leather armour    |    60 |    69 |    43 ||   172
       Skin              |       |     1 |       ||     1
       Robe              |       |       |    63 ||    63
Dodge: Dodged            |    68 |    91 |   157 ||   316
